 Dungeon Crawl Stone Soup version 0.32-a0-918-g0f22ef8d61 (webtiles) character file.

Game seed: 6161267949697236956

3362 RBrandon the Mimic (level 10, -6/106 HPs)
             Began as a Coglin Berserker on Apr 10, 2024.
             Was a Priest of Trog.
             Mangled by a boulder beetle (15 damage)
             ... on level 8 of the Dungeon.
             The game lasted 00:07:24 (6246 turns).

RBrandon the Mimic (Coglin Berserker)               Turns: 6246, Time: 00:07:25

Health: -6/106     AC:  7    Str: 23    XL:     10   Next: 3%
Magic:  10/10      EV: 11    Int:  6    God:    Trog [***...]
Gold:   421        SH:  0    Dex: 13    Spells: 9/9 levels left

rFire   . . .        a - +0 hand axe {Latda}
rCold   . . .        j - +0 hand axe {Ujjalroop}
rNeg    . . .        A - +3 leather armour
rPois   .            (no helmet)
rElec   .            (no cloak)
rCorr   .            n - +0 pair of gloves
SInv    .            (no boots)
Will    ++...        (amulet unavailable) Stlth
                     (ring unavailable)
HPRegen 1.37/turn    (ring unavailable)
MPRegen 0.12/turn    (no gizmo)

%: no passive effects
@: berserking (expiring), lethally poisoned (-6 -> -6), strong-willed,
regenerating, revved, very quick
A: off-hand wielding, slow wielding, warmup strikes, no jewellery
a: Invent Gizmo, Renounce Religion, Berserk, Trog's Hand


You were on level 8 of the Dungeon.
You worshipped Trog.
Trog was most pleased with you.
You visited 1 branch of the dungeon, and saw 8 of its levels.

You collected 421 gold pieces.

Inventory:

Hand Weapons
 a - a +0 hand axe (weapon) {Latda}
 c - a +0 dagger {Fumito}
 j - a +0 hand axe (offhand) {Ujjalroop}
Armour
 b - a +0 animal skin
 k - a +0 leather armour
 l - a +0 chain mail
 n - a +0 pair of gloves (worn)
 A - a +3 leather armour (worn)
Talismans
 e - a maw talisman
Wands
 z - a wand of warping (9)
Scrolls
 d - 2 scrolls of enchant weapon {unknown}
 f - 3 scrolls of teleportation {unknown}
 g - 3 scrolls of fear {unknown}
 h - 6 scrolls of identify {unknown}
 o - 2 scrolls of immolation {unknown}
 w - a scroll of silence {unknown}
 y - 2 scrolls of acquirement {unknown}
 B - a scroll of revelation {unknown}
Potions
 i - 2 potions of invisibility {unknown}
 m - a potion of attraction {unknown}
 p - a potion of enlightenment {unknown}
 q - 5 potions of curing {unknown}
 r - a potion of brilliance {unknown}
 s - a potion of resistance {unknown}
 t - 2 potions of heal wounds {unknown}
 u - a potion of magic {unknown}
 v - a potion of lignification {unknown}
 x - a potion of haste {unknown}
 C - a potion of degeneration {unknown}


   Skills:
 + Level 3.7 Fighting
 + Level 7.1 Axes
 - Level 1.8 Armour
 + Level 2.6 Dodging
 - Level 10.0 Shapeshifting


You had 9 spell levels left.
You didn't know any spells.
Your spell library was empty.

Dungeon Overview and Level Annotations

Branches:
Dungeon (8/15)             Temple (0/1) D:6
   Lair: D:8-11

Altars:
Hepliaklqana

Annotations:
D:8 2 runed translucent doors


Innate Abilities, Weirdness & Mutations

You can wield a second weapon in your off-hand.
It takes a long time for you to wield or remove held weapons.
Your first few attacks do less damage.
You cannot equip rings or amulets.


Message History

You barely miss the boulder beetle with your +0 hand axe.
You hit the orc wizard with your +0 hand axe.
You feel sick. The boulder beetle bites you!!
* * * LOW HITPOINT WARNING * * *
The orc wizard closely misses you.
You hit the boulder beetle but do no damage.
The boulder beetle is moderately wounded.
You hit the orc wizard with your +0 hand axe.
You slash the orc with your +0 hand axe!
You kill the orc!
Trog accepts your kill.
You barely miss the boulder beetle with your +0 hand axe.
You barely miss the orc wizard with your +0 hand axe.
You feel sick.
You hit the boulder beetle with your +0 hand axe.
The boulder beetle is moderately wounded.
You closely miss the orc wizard with your +0 hand axe.
You hit the boulder beetle but do no damage.
You hit the orc wizard with your +0 hand axe.
You kill the orc wizard!
Trog accepts your kill.
Trog appreciates your killing of a magic user.
You feel sick.
An orc comes into view. It is wielding a +0 short sword.
The boulder beetle bites you!
* * * LOW HITPOINT WARNING * * *
You hit the boulder beetle but do no damage.
The boulder beetle is moderately wounded.
You slash the boulder beetle with your +0 hand axe!
You feel sick. The boulder beetle bites you!!
* * * LOW HITPOINT WARNING * * *
You hit the boulder beetle with your +0 hand axe.
The boulder beetle is heavily wounded.
You slash the boulder beetle with your +0 hand axe!
You feel sick.
You feel sick.
An orc comes into view. It is wielding a +0 dagger.
The boulder beetle attacks as it pursues you!
The boulder beetle bites you!
You die...

....... ..... .##
#..... ....###..
#..... #....#...
$.... ##.......#
o(.##........#
#.....#......
#.....#...#
...##.......##
#..o...)@....#.#
##.....)B.......
........))....#..
.)..........###
...........?#
.............
..............
)..#..........
..#..#.##.#...


You could see a boulder beetle and 2 orcs.

Vanquished Creatures
  A two-headed ogre (D:8)
  Eustachio (D:5)
  A water moccasin (D:6)
  Duvessa (D:5)
  2 black bears
  A sky beast (D:7)
  2 phantoms
  Blork the orc (D:6)
  A gnoll sergeant (D:6)
  5 bullfrogs
  2 scorpions
  Dowan (D:5)
  5 killer bees (D:7)
  A howler monkey (D:2)
  3 bombardier beetles
  3 gnoll boudas
  6 hounds
  A jelly (D:4)
  5 iguanas
  2 orc priests
  Jessica (D:3)
  2 sleepcaps
  4 orc wizards
  4 adders
  20 gnolls
  2 shadow imps
  2 white imps
  2 ufetubi (D:6)
  2 dart slugs (D:3)
  2 ribbon worms
  28 orcs
  4 ball pythons
  4 bats
  7 endoplasms
  2 giant cockroaches
  9 goblins
  5 hobgoblins
  5 quokkas
  2 frilled lizards (D:2)
  5 kobolds
  4 rats
161 creatures vanquished.

Notes
Turn   | Place    | Note
-------+----------+-------------------------------------------
     0 | D:1      | RBrandon the Coglin Berserker began the quest for the Orb.
     0 | D:1      | Reached XP level 1. HP: 18/18 MP: 1/1
   108 | D:1      | Reached XP level 2. HP: 22/24 MP: 2/2
   113 | D:1      | Reached skill level 1 in Shapeshifting
   516 | D:1      | Reached skill level 2 in Shapeshifting
   516 | D:1      | Reached XP level 3. HP: 3/29 MP: 3/3
   740 | D:1      | Reached ** piety under Trog
  1034 | D:2      | Reached XP level 4. HP: 35/35 MP: 4/4
  1110 | D:2      | Reached XP level 5. HP: 41/41 MP: 5/5
  2022 | D:3      | Found a hazy altar of Hepliaklqana.
  2041 | D:3      | Noticed Jessica
  2046 | D:3      | Killed Jessica
  2047 | D:3      | Reached skill level 3 in Shapeshifting
  2667 | D:4      | Reached skill level 5 in Axes
  2667 | D:4      | Reached XP level 6. HP: 47/47 MP: 6/6
  3040 | D:4      | Noticed a black bear
  3045 | D:4      | Killed a black bear
  3370 | D:5      | Entered Level 5 of the Dungeon
  3391 | D:5      | Reached XP level 7. HP: 52/52 MP: 7/7
  3517 | D:5      | Noticed Eustachio
  3530 | D:5      | Killed Eustachio
  3531 | D:5      | Reached skill level 4 in Shapeshifting
  3730 | D:5      | Reached skill level 5 in Shapeshifting
  3730 | D:5      | Reached XP level 8. HP: 48/58 MP: 8/8
  3780 | D:5      | Noticed Duvessa
  3798 | D:5      | Killed Duvessa
  3798 | D:5      | Noticed Dowan
  3856 | D:5      | Killed Dowan
  4020 | D:5      | Reached skill level 6 in Shapeshifting
  4308 | D:6      | Reached *** piety under Trog
  4429 | D:6      | Noticed Blork the orc
  4442 | D:6      | Killed Blork the orc
  4443 | D:6      | Reached skill level 7 in Shapeshifting
  4516 | D:6      | Found a staircase to the Ecumenical Temple.
  4645 | D:6      | Reached XP level 9. HP: 63/63 MP: 9/9
  4859 | D:6      | Reached skill level 8 in Shapeshifting
  5457 | D:7      | Reached skill level 9 in Shapeshifting
  6151 | D:8      | Found a large runed translucent door.
  6151 | D:8      | Found a large runed translucent door.
  6228 | D:8      | Noticed a two-headed ogre
  6232 | D:8      | Noticed a boulder beetle
  6239 | D:8      | Killed a two-headed ogre
  6240 | D:8      | Reached skill level 10 in Shapeshifting
  6240 | D:8      | Reached XP level 10. HP: 70/70 MP: 10/10
  6246 | D:8      | Mangled by a boulder beetle

Illustrated notes

Levels and vault maps discovered:
D:1:      ncdulo_smallfort, layout_loops_ring, minmay_tromino_v4_a
D:2:      layout_basic
D:3:      layout_loops_ring, mainiacjoe_overflow_24_doors,
          kennysheep_generic_room_10, uniq_jessica
D:4:      layout_cave_pods
D:5:      layout_basic, kennysheep_small_spiral, serial_park_tiny_2,
          uniq_duvessa, uniq_eustachio
D:6:      layout_rooms, minmay_temple_entry_arrows, uniq_blork_the_orc
D:7:      layout_loops_cross
D:8:      layout_cave_pools, ebering_ghost_disaster_area, uniq_maurice

Skill      XL: |  1  2  3  4  5  6  7  8  9 |
---------------+----------------------------+-----
Shapeshifting  | 2 3 5 7 10 | 10.0
Axes           | 4 5 6 7 |  7.1
Dodging        | 2 |  2.6
Fighting       | |  3.7
Armour         | |  1.8

Action                     |  1- 3 |  4- 6 |  7- 9 | 10-12 || total
---------------------------+-------+-------+-------+-------++-------
  Melee: Hand axe          |    64 |   137 |   481 |    12 ||   694
         Dagger            |    44 |       |       |       ||    44
 Invoke: Berserk           |     2 |     3 |    13 |       ||    18
         Trog's Hand       |       |       |     3 |       ||     3
 Armour: Animal skin       |    37 |       |       |       ||    37
         Leather armour    |     2 |     2 |    96 |     7 ||   107
         Chain mail        |       |    32 |   121 |       ||   153
  Dodge: Dodged            |    30 |    23 |   125 |     1 ||   179

Table legend: (Time is in decaauts)
 A = Elapsed time spent in this place.
 B = Non-inter-level travel time spent in this place.
 C = Inter-level travel time spent in this place.
 D = Time resting spent in this place.
 E = Time spent auto-exploring this place.
 F = Levels seen in this place.
 G = Mean time per level.
                   A        B        C        D        E       F      G
               +--------+--------+--------+--------+--------+-----+--------+
         Total |   6379 |   6231 |    148 |    854 |   4403 |   8 |  797.4 |
       Dungeon |   6379 |   6231 |    148 |    854 |   4403 |   8 |  797.4 |
               +--------+--------+--------+--------+--------+-----+--------+

Top non-repeatable levels by time:
     D:4: 1019 daAuts
     D:7: 1014 daAuts
     D:1: 898 daAuts
     D:5: 896 daAuts
     D:2: 860 daAuts
     D:6: 785 daAuts
     D:3: 694 daAuts
     D:8: 211 daAuts

Levels and vault maps discovered:
D:1:      ncdulo_smallfort, layout_loops_ring, minmay_tromino_v4_a
D:2:      layout_basic
D:3:      layout_loops_ring, mainiacjoe_overflow_24_doors,
          kennysheep_generic_room_10, uniq_jessica
D:4:      layout_cave_pods
D:5:      layout_basic, kennysheep_small_spiral, serial_park_tiny_2,
          uniq_duvessa, uniq_eustachio
D:6:      layout_rooms, minmay_temple_entry_arrows, uniq_blork_the_orc
D:7:      layout_loops_cross
D:8:      layout_cave_pools, ebering_ghost_disaster_area, uniq_maurice

Table legend: (Time is in decaauts)
 A = Elapsed time spent in this place.
 B = Non-inter-level travel time spent in this place.
 C = Inter-level travel time spent in this place.
 D = Time resting spent in this place.
 E = Time spent auto-exploring this place.
 F = Levels seen in this place.
 G = Mean time per level.
                   A        B        C        D        E       F      G
               +--------+--------+--------+--------+--------+-----+--------+
         Total |   6379 |   6231 |    148 |    854 |   4403 |   8 |  797.4 |
       Dungeon |   6379 |   6231 |    148 |    854 |   4403 |   8 |  797.4 |
               +--------+--------+--------+--------+--------+-----+--------+

Top non-repeatable levels by time:
     D:4: 1019 daAuts
     D:7: 1014 daAuts
     D:1: 898 daAuts
     D:5: 896 daAuts
     D:2: 860 daAuts
     D:6: 785 daAuts
     D:3: 694 daAuts
     D:8: 211 daAuts

Table legend:
 A = Kills in this place as a percentage of kills in the entire game.
 B = Kills by you in this place as a percentage of kills by you in the entire game.
 C = Kills by friends in this place as a percentage of kills by friends in the entire game.
 D = Other kills in this place as a percentage of other kills in the entire game.
 E = Experience gained in this place as a percentage of experience gained in the entire game.
 F = Experience gained in this place divided by the number of levels of this place that you have seen.
                   A       B       C       D       E      F
               +-------+-------+-------+-------+-------+----------------------
         Total | 100.0 | 100.0 |   N/A |   N/A | 100.0 | 600.5
       Dungeon | 100.0 | 100.0 |   N/A |   N/A | 100.0 | 600.5
               +-------+-------+-------+-------+-------+----------------------
